 Dungeon Crawl Stone Soup version 0.18.1-48-g4cf74bf (webtiles) character file.

6056 WarriorsX the Protected (level 11, -1/90 HPs)
             Began as a Human Fighter on July 26, 2016.
             Was a Priest of Okawaru.
             Slain by a troll (3 damage)
             ... on level 9 of the Dungeon.
             The game lasted 00:59:18 (10104 turns).

WarriorsX the Protected (Human Fighter)            Turns: 10104, Time: 00:59:19

Health: -1/90      AC: 19    Str: 20      XL:     11   Next: 11%
Magic:  11/11      EV:  4    Int:  9      God:    Okawaru [***...]
Gold:   484        SH:  9    Dex: 11 (12) Spells: 0 memorised, 10 levels left

rFire  + + .     SeeInvis .     G - +2 morningstar (freeze) (curse)
rCold  + . .     Gourm    .     r - +0 plate armour
rNeg   . . .     Faith    .     c - +0 shield
rPois  .         Spirit   .     C - +0 helmet
rElec  .         Dismiss  .     (no cloak)
rCorr  .         Reflect  .     y - +2 pair of gloves
SustAt .         Harm     .     (no boots)
MR     .....     Rnd*Rage +     x - amulet of rage
Stlth  ..........               (no ring)
                                D - ring of fire

@: not resistant to hostile enchantments, extremely unstealthy
A: camouflage 1, berserk 1, cold resistance 2, fire resistance 1
a: Heroism, Renounce Religion, Evoke Berserk Rage


You were on level 9 of the Dungeon.
You worshipped Okawaru.
Okawaru was most pleased with you.
You were hungry.

You visited 2 branches of the dungeon, and saw 10 of its levels.

You collected 484 gold pieces.

Inventory:

Hand Weapons
 a - a +0 long sword
 b - a +1 flail of crushing
 j - a +1 whip of venom
 z - a +2 falchion of holy wrath
 E - a +2 short sword of draining
 G - a cursed +2 morningstar of freezing (weapon)
 H - the cursed +1 trident of Tender Mercy {flame, *Drain rC- rN++ Int+8, unknown}
   (You found it on level 9 of the Dungeon)

   It has been specially enchanted to burn those struck by it, causing extra
   injury to most foes and up to half again as much damage against particularly
   susceptible opponents.
   It affects your intelligence (+8).
   It makes you vulnerable to cold.
   It greatly protects you from negative energy.
   It causes draining when unequipped.
   It has a curse placed upon it.
 L - a +0 dire flail
 O - a +1 flail of holy wrath
Armour
 c - a +0 shield (worn)
 r - a +0 plate armour (worn)
 y - a +2 pair of gloves (worn)
 C - a +0 helmet (worn)
Jewellery
 x - an amulet of rage (around neck)
 D - a ring of fire (left hand)
Wands
 s - a wand of confusion (10/48)
 v - a wand of flame (24/48)
 A - a wand of digging (3/24)
 K - a wand of confusion (30/48)
 M - a wand of lightning (10/15)
Scrolls
 e - 2 scrolls of remove curse
 g - 4 scrolls of enchant armour
 k - a scroll of immolation
 n - a scroll of fear
 o - 7 scrolls of identify
 q - 2 scrolls of enchant weapon
 w - 2 scrolls of amnesia
 I - a scroll of fog {unknown}
 J - 2 scrolls of teleportation
 P - a scroll of magic mapping {unknown}
Potions
 d - 2 potions of might
 h - 5 potions of flight
 l - 2 potions of invisibility
 B - 2 potions of agility
 F - a potion of mutation
 N - 2 potions of cure mutation
Books
 i - Sif Muna's Grimoire of Enchantment
   (You found it on level 4 of the Dungeon)

   Spells                             Type                      Level
   a - Corona                         Hexes                        1
 u - a Young Poisoner's Handbook

   Spells                             Type                      Level
   a - Sting                          Conjuration/Poison           1
   b - Cure Poison                    Poison                       2
   c - Mephitic Cloud                 Conjuration/Poison/Air       3
   d - Olgreb's Toxic Radiance        Poison                       4
   e - Venom Bolt                     Conjuration/Poison           5
Comestibles
 f - 6 bread rations
 m - 6 meat rations
 p - 3 fruits
 t - 2 chunks of flesh


   Skills:
 + Level 10.0 Fighting
 - Level 3.8(4.0) Short Blades
 - Level 2.0(3.1) Long Blades
 - Level 5.0 Maces & Flails
 - Level 10.8 Armour
 - Level 4.7 Shields


You had 10 spell levels left.
You didn't know any spells.

Dungeon Overview and Level Annotations

Branches:
Dungeon (9/15)             Temple (1/1) D:5            Lair (0/8) D:9
    Orc (0/2) D:9

Altars:
Ashenzari
Cheibriados
Dithmenos
Elyvilon
Fedhas
Gozag
Kikubaaqudgha
Makhleb
Nemelex Xobeh
Okawaru
Pakellas
Qazlal
Ru
Sif Muna
Trog
Vehumet
Xom
Yredelemnul
Zin
The Shining One
Lugonu


Innate Abilities, Weirdness & Mutations

Your skin changes colour to match your surroundings (Stealth).
You tend to lose your temper in combat.
Your flesh is very cold resistant.
Your flesh is heat resistant.


Message History

* * * LOW HITPOINT WARNING * * *
You block the troll's attack. x2; The troll completely misses you.
You closely miss the troll.
The troll is heavily wounded.
You block the troll's attack. The troll claws you but does no damage.
You block the troll's attack.
Your shield and plate armour prevent you from hitting the troll.
The troll is heavily wounded.
You block the troll's attack. The troll barely misses you.
The troll claws you but does no damage.
You thump the troll! You freeze the troll.
The troll is severely wounded.
The troll bites you!
* * * LOW HITPOINT WARNING * * *
The troll claws you.
* * * LOW HITPOINT WARNING * * *
The troll claws you.
* * * LOW HITPOINT WARNING * * *
The troll bites you.
You die...

#..........# #.(........#
.............#
###..........# #########.##
##o# #..# #####
######'######## #≈..#
#........##.@.# #≈..#
#........##[#T# #≈.## #
#...........#.# #≈.≈#
#####........#..#.#######)##
)..('........#..#.#.....#.#
#####........##.#.#.#.###.#
#........##.#...#.....#
#).....<.##############
#........#


You could see a troll.

Vanquished Creatures
  Joseph (D:7)
  A merfolk (D:9)
  A two-headed ogre (D:8)
  4 yaks (D:9)
  2 wraiths
  A wyvern (D:9)
  3 hippogriffs
  The ghost of Heedrag the Magician, an amateur DECj (D:5)
  2 ice beasts
  A sky beast (D:9)
  A black bear (D:9)
  2 orc warriors (D:9)
  A necrophage (D:6)
  An ogre (D:5)
  A phantom (D:9)
  3 centaurs
  2 big kobolds (D:8)
  A crocodile (D:9)
  4 giant frogs
  A killer bee (D:8)
  2 scorpions
  11 wights
  3 howler monkeys
  8 crimson imps
  2 quasits
  A giant frog zombie (D:6)
  A jelly (D:8)
  3 hounds
  A centaur skeleton (D:8)
  6 human zombies (D:8)
  An orc priest (D:7)
  8 orc wizards
  A giant frog skeleton (D:5)
  3 iguanas
  Jessica (D:2)
  Natasha (thrice) (D:3)
  6 worker ants
  A hound skeleton (D:6)
  A mummy (D:8)
  12 adders
  4 river rats (D:9)
  A shadow imp (D:8)
  An ooze (D:3)
  2 adder zombies
  An adder skeleton (D:9)
  4 worms
  A dart slug (D:1)
  3 giant geckos
  20 orcs
  14 bats
  7 giant cockroaches
  2 hobgoblins
  15 kobolds
  4 quokkas
  A ball python (D:1)
  A giant gecko skeleton (D:4)
  A giant gecko zombie (D:5)
  3 giant newts
  9 goblins
  A jackal zombie (D:8)
  A quokka skeleton (D:4)
  17 rats
  A fungus (D:9)
223 creatures vanquished.

Vanquished Creatures (others)
  A fungus (D:9)
1 creature vanquished.

Grand Total: 224 creatures vanquished

Notes
Turn   | Place    | Note
--------------------------------------------------------------
     0 | D:1      | WarriorsX the Human Fighter began the quest for the Orb.
     0 | D:1      | Reached XP level 1. HP: 18/18 MP: 1/1
   167 | D:1      | Reached XP level 2. HP: 19/24 MP: 2/2
   404 | D:1      | Reached XP level 3. HP: 26/30 MP: 3/3
   751 | D:2      | Noticed Jessica
   752 | D:2      | Found a bloodstained altar of Trog.
   764 | D:2      | Killed Jessica
   782 | D:2      | Reached XP level 4. HP: 34/38 MP: 4/4
  1084 | D:2      | Reached skill level 5 in Fighting
  1486 | D:3      | Reached skill level 1 in Maces & Flails
  1492 | D:3      | Reached XP level 5. HP: 34/44 MP: 5/5
  1934 | D:3      | Noticed Natasha
  1964 | D:3      | Killed Natasha
  2349 | D:3      | Noticed Natasha
  2362 | D:3      | Killed Natasha
  2362 | D:3      | Reached XP level 6. HP: 25/52 MP: 6/6
  2450 | D:3      | Noticed Natasha
  2461 | D:3      | Killed Natasha
  2691 | D:4      | Found an ancient bone altar of Kikubaaqudgha.
  2691 | D:4      | Found a deep blue altar of Sif Muna.
  2694 | D:4      | Found a radiant altar of Vehumet.
  2701 | D:4      | Identified Sif Muna's Grimoire of Enchantment
  2757 | D:4      | Found a stormy altar of Qazlal.
  2868 | D:4      | Reached skill level 1 in Short Blades
  3053 | D:4      | Found a snail-covered altar of Cheibriados.
  3053 | D:4      | Found a white marble altar of Elyvilon.
  3154 | D:5      | Entered Level 5 of the Dungeon
  3172 | D:5      | Noticed an ogre
  3250 | D:5      | Noticed Heedrag's ghost (amateur DECj)
  3346 | D:5      | Killed an ogre
  3346 | D:5      | Reached XP level 7. HP: 55/58 MP: 7/7
  3374 | D:5      | Found a staircase to the Ecumenical Temple.
  3383 | Temple   | Entered the Ecumenical Temple
  3691 | D:5      | Found a shimmering altar of Xom.
  4018 | D:5      | Killed Heedrag's ghost
  4018 | D:5      | Reached skill level 5 in Armour
  4018 | D:5      | Reached XP level 8. HP: 56/64 MP: 8/8
  4685 | D:6      | Found a sacrificial altar of Ru.
  4771 | D:6      | Found an opulent altar of Gozag.
  4771 | D:6      | Found a glowing silver altar of Zin.
  5096 | D:7      | Noticed Joseph
  5135 | D:7      | Killed Joseph
  5507 | D:7      | Gained mutation: Your skin changes colour to match your surroundings (Stealth). [potion of mutation]
  5507 | D:7      | Gained mutation: Your body sometimes deteriorates upon taking damage. [potion of mutation]
  5507 | D:7      | Gained mutation: Your flesh is cold resistant. [potion of mutation]
  5508 | D:7      | Gained mutation: You are clumsy. (Dex -2) [potion of mutation]
  5508 | D:7      | Gained mutation: You expend magic power (3 MP) to strengthen your wands. [potion of mutation]
  5508 | D:7      | Lost mutation: Your body sometimes deteriorates upon taking damage. [potion of mutation]
  5509 | D:7      | Lost mutation: You are clumsy. (Dex -2) [potion of cure mutation]
  5509 | D:7      | Lost mutation: You expend magic power (3 MP) to strengthen your wands. [potion of cure mutation]
  5635 | D:7      | Reached XP level 9. HP: 69/69 MP: 9/9
  6126 | D:8      | Found an iron altar of Okawaru.
  6131 | D:8      | Became a worshipper of Warmaster Okawaru
  6272 | D:8      | Reached skill level 10 in Armour
  6395 | D:8      | Reached * piety under Okawaru
  6402 | D:8      | Found a basalt altar of Yredelemnul.
  6924 | D:7      | Reached XP level 10. HP: 25/76 MP: 10/10
  8346 | D:8      | Reached skill level 5 in Maces & Flails
  8362 | D:8      | Reached ** piety under Okawaru
  8726 | D:9      | Found an opulent altar of Gozag.
  8837 | D:9      | Found a staircase to the Lair.
  8919 | D:9      | Found a staircase to the Orcish Mines.
  8973 | D:9      | Gained mutation: You tend to lose your temper in combat. [mutagenic meat]
  9021 | D:9      | Gained mutation: Your flesh is very cold resistant. [mutagenic meat]
  9022 | D:9      | Gained mutation: Your flesh is heat resistant. [mutagenic meat]
  9134 | D:9      | Reached *** piety under Okawaru
  9950 | D:9      | Reached XP level 11. HP: 67/89 MP: 11/11
 10004 | D:9      | Got a bloodstained trident
 10090 | D:9      | Reached skill level 10 in Fighting
 10104 | D:9      | HP: 2/90 [troll (6)]
 10104 | D:9      | Slain by a troll

Skill      XL: |  1  2  3  4  5  6  7  8  9 10 11 |
---------------+----------------------------------+-----
Fighting       | 4 5 6 9 10 | 10.0
Maces & Flails | 1 2 5 |  5.0
Short Blades   | 3 |  3.8
Armour         | 5 8 10 | 10.8
Shields        | 4 |  4.7
Long Blades    | |  2.0

Action                   |  1- 3 |  4- 6 |  7- 9 | 10-12 || total
-------------------------+-------+-------+-------+-------++-------
Melee: Long sword        |    24 |       |       |       ||    24
       Whip              |    32 |   165 |       |       ||   197
       Short sword       |       |    48 |   481 |       ||   529
       Falchion          |       |       |   104 |     5 ||   109
       Morningstar       |       |       |       |   454 ||   454
Invok: Heroism           |       |       |     1 |     1 ||     2
 Abil: Evoke Berserk Rag |       |     1 |       |     1 ||     2
Evoke: Wand              |       |     5 |       |       ||     5
  Use: Scroll            |       |    10 |     2 |     1 ||    13
       Potion            |       |     3 |    10 |     2 ||    15
 Stab: Invisible         |       |       |       |     1 ||     1
  Eat: Chunk             |       |     8 |    10 |    13 ||    31
       Fruit             |       |       |     2 |       ||     2
       Beef jerky        |       |       |     1 |       ||     1
       Pizza             |       |       |       |     2 ||     2
Armor: Scale mail        |    35 |   100 |       |       ||   135
       Plate armour      |       |       |   462 |   543 ||  1005
Dodge: Dodged            |    27 |    82 |   163 |   122 ||   394
Block: Shield            |       |       |    22 |   357 ||   379
